 Dungeon Crawl Stone Soup version 0.31-a0-662-g684573625c (webtiles) character file.

Game seed: 15712935039724061746

49714 Maratek the Bludgeoner (level 14, -2/99 HPs)
             Began as a Demonspawn Fighter on Sept 1, 2023.
             Was the Champion of Hepliaklqana.
             Slain by a komodo dragon (21 damage)
             ... on level 5 of the Lair of Beasts.
             The game lasted 00:35:43 (11417 turns).

Maratek the Bludgeoner (Demonspawn Fighter)        Turns: 11417, Time: 00:35:43

Health: -2/99      AC: 33    Str: 23    XL:     14   Next: 17%
Magic:  14/14      EV:  8    Int: 13    God:    Hepliaklqana [******]
Gold:   579        SH:  0    Dex:  9    Spells: 13/13 levels left

rFire   x . .        m - +5 mace of Daegg {flame, *Noise Fly Int+4 Dex-3}
rCold   + . .        (no shield)
rNeg    + . .        E - +4 plate armour {rPois}
rPois   +            G - +2 helmet of Sero {Int+4}
rElec   +            (no cloak)
rCorr   .            (gloves unavailable)
SInv    .            r - +2 pair of boots
Will    +....        a - amulet of regeneration Stlth
                     y - +4 ring of protection
HPRegen 1.16/turn    k - ring of Fysch {Ice rElec rPois rN+ Int-4}
MPRegen 0.14/turn

%: no passive effects
@: lethally poisoned (-2 -> -2), flying
A: reduced essence, icy blue scales 2, ignite blood 2, powered by pain 1,
demonic touch 3
a: Renounce Religion, Recall Ancestor, Ancestor Identity, Transference, Idealise


You were on level 5 of the Lair of Beasts.
You worshipped Hepliaklqana.
Hepliaklqana was exalted by your worship.
You visited 2 branches of the dungeon, and saw 16 of its levels.
You also visited: Ossuary, Bailey and Gauntlet.

You collected 2063 gold pieces.
You spent 1484 gold pieces at shops.

Inventory:

Hand Weapons
 m - the +5 mace of Daegg (weapon) {flame, *Noise Fly Int+4 Dex-3}
   (You bought it in a shop on level 2 of the Dungeon)

   Int+4:     It affects your intelligence (+4).
   Dex-3:     It affects your dexterity (-3).
   Fly:       It grants you flight.
   *Noise:    It may make a loud noise when swung.
 n - the +6 long sword "Ogre's Demise" {freeze, rC+ Will+ Dex+3}
   (You found it on level 3 of the Lair of Beasts)

   Dex+3:     It affects your dexterity (+3).
   rC+:       It protects you from cold.
   Will+:     It increases your willpower.
Armour
 r - a +2 pair of boots (worn)
 E - a +4 plate armour of poison resistance (worn)
 G - the +2 helmet of Sero (worn) {Int+4}
   (You bought it in a shop on level 8 of the Dungeon)

   Int+4:     It affects your intelligence (+4).
Jewellery
 a - an amulet of regeneration (around neck)
 k - the ring of Fysch (right hand) {Ice rElec rPois rN+ Int-4}
   (You acquired it on level 2 of the Lair of Beasts)

   [ring of ice]

   Ice:       It enhances your ice magic.
   Int-4:     It affects your intelligence (-4).
   rF-:       It makes you vulnerable to fire.
   rC+:       It protects you from cold.
   rElec:     It insulates you from electricity.
   rPois:     It protects you from poison rN+: It protects you from negative
   energy.
 y - a +4 ring of protection (left hand)
Wands
 b - a wand of mindburst (6)
 u - a wand of charming (23)
 w - a wand of light (10)
Scrolls
 c - a scroll of brand weapon
 e - a scroll of butterflies
 f - 3 scrolls of poison
 i - a scroll of silence
 j - 10 scrolls of teleportation
 o - 2 scrolls of blinking
 p - a scroll of fear
 q - 4 scrolls of immolation
 s - 6 scrolls of amnesia
 t - 3 scrolls of enchant weapon
 x - 2 scrolls of revelation
 C - 2 scrolls of identify
 H - 3 scrolls of fog
Potions
 d - 5 potions of might
 g - 3 potions of ambrosia
 h - a potion of cancellation
 v - 3 potions of mutation
 z - 3 potions of enlightenment
 A - 3 potions of attraction
 B - a potion of brilliance
 D - a potion of resistance
 F - 2 potions of lignification


   Skills:
 + Level 10.7 Fighting
 - Level 4.8(11.0) Axes
 * Level 15.2(15.5) Maces & Flails
 + Level 11.6 Armour
 + Level 5.3 Dodging
 + Level 4.6 Stealth
 + Level 3.2 Shields


You had 13 spell levels left.
You didn't know any spells.
Your spell library contained the following spells:

 Spells                   Type           Power      Damage    Failure   Level
 Freeze                   Ice            0%         1d3       98%         1
 Slow                     Hex            0%         N/A       98%         1
 Sublimation of Blood     Necr           0%         N/A       99%         2
 Confusing Touch          Hex            0%         N/A       100%        3
 Frozen Ramparts          Ice            0%         1d1       100%        3
 Gell's Gravitas          Tloc           0%         N/A       100%        3
 Hailstorm                Conj/Ice       0%         3d3       100%        3
 Teleport Other           Tloc           0%         N/A       100%        3
 Vampiric Draining        Necr           0%         2d6       100%        3
 Petrify                  Tmut/Erth      0%         N/A       100%        4
 Irradiate                Conj/Tmut      0%         3d11      100%        5
 Dispersal                Tloc           0%         N/A       100%        6


Dungeon Overview and Level Annotations

Branches:
Dungeon (11/15)            Temple (0/1) D:5            Lair (5/5) D:11
 Spider (0/4) Lair:3          Orc (0/2) D:10        Ossuary (visited)
 Bailey (visited)         Gauntlet (visited)
  Swamp: Lair:2-3    Shoals: Lair:2-3     Slime: Lair:4-5

Altars:
Cheibriados
Hepliaklqana
Makhleb
Ru
Sif Muna
Trog
Vehumet
Wu Jian
Xom

Shops:
D:2 (   D:3 *   D:6 [   D:8 (!*(   D:9 **   D:11 (

Annotations:
D:6 1 runed translucent door, 2 transporters, Crazy Yiuf; Jeremiah; TobyConnect's ghost, novice DsSh
D:10 3 runed translucent doors, DocSulfur's ghost, novice AtBe
Lair:1 2 transporters


Innate Abilities, Weirdness & Mutations

Your life essence is reduced to manifest your ancestor. (-10% HP)
You are mostly covered in icy blue scales. (AC +3)
Your demonic aura often causes spilled blood to erupt in flames.
You sometimes gain a little power by taking damage.
Your touch may irresistibly damage your foes and sap their willpower.


Message History

The cane toad poisons you!
You see here a polar bear corpse.
Yarna emerges from the mists of memory!
You feel very sick.
The cane toad stings you but does no damage.
The komodo dragon bites you!
* * * LOW HITPOINT WARNING * * *
You see here a rime drake corpse.
You closely miss the cane toad.
You feel sick.
The cane toad stings you but does no damage.
You hit the cane toad but do no damage.
You feel sick. The komodo dragon bites you.
* * * LOW HITPOINT WARNING * * *
Yarna hits the cane toad with a +0 quarterstaff.
You sock the cane toad! You burn the cane toad.
The cane toad is moderately wounded.
You feel yourself slow down.
You feel sick.
The blink frog blinks!
The cane toad is engulfed in blazing flames.
The cane toad stings you but does no damage.
You hit the cane toad. You burn the cane toad.
The cane toad is almost dead.
You feel sick.
The komodo dragon bites you but does no damage.
Yarna hits the cane toad with a +0 quarterstaff!
The cane toad dies!
You feel sick.
A nearby plant withers and dies.
Yarna casts a spell at the blink frog.
The stone arrow hits the blink frog!!
The blink frog hits Yarna!
The blink frog blinks!
You see here a cane toad corpse.
You hit the komodo dragon. You burn the komodo dragon.
The komodo dragon is lightly wounded.
You feel sick.
You completely miss the komodo dragon.
The komodo dragon is lightly wounded.
You feel sick.
Yarna gestures at the blink frog while chanting.
The puff of frost hits the blink frog.
The komodo dragon bites you!!
You die...

...#..# .. .....#
.§# #... ...## ##.#
. ..... #.k# ..
#....## ##.### ...
#....PP###..P##..##
#...P#..........#
..#P...@l#.....#..
..F....R†.....#...
#.?....†...........
..#.###............
.#. #...#.##..#.P..
.......###..#######
.#.F... .## ######
##


You could see the friendly Yarna the battlemage, a komodo dragon and a blink
frog (distracted, ally target).

Vanquished Creatures
  Josephine (D:10)
  A catoblepas (Lair:5)
  2 hydras
  A two-headed ogre (D:10)
  4 death yaks
  2 boulder beetles
  An orc high priest (Bailey)
  Nergalle (D:10)
  A skyshark (Lair:4)
  A manticore (D:11)
  An orc sorcerer (Bailey)
  13 elephants
  3 cane toads
  2 rime drakes
  7 komodo dragons
  A meliai (D:9)
  A troll (D:8)
  2 polar bears (Lair:5)
  Prince Ribbit (D:7)
  11 blink frogs
  A hornet (D:9)
  A dream sheep (Lair:3)
  4 wraiths
  A wyvern (D:9)
  A shadow (D:9)
  A vampire (D:11)
  Eustachio (D:6)
  A basilisk (Lair:3)
  21 yaks
  A steam dragon (Lair:2)
  Grum (D:11)
  11 water moccasins
  A sky beast (D:6)
  A swamp drake (D:10)
  4 ice beasts
  3 black bears
  8 orc warriors
  An ogre (D:5)
  9 wolves
  2 centaurs
  4 kobold brigands
  3 elf zombies (Ossuary)
  7 bullfrogs
  A gnoll sergeant (D:9)
  2 scorpions
  6 wights
  12 killer bees
  3 electric eels (D:10)
  4 crimson imps (D:10)
  2 centaur zombies (Ossuary)
  A lava snake (D:9)
  4 human zombies (Ossuary)
  A jelly (D:6)
  6 hounds
  7 orc priests
  14 iguanas
  6 orc wizards
  3 mummies (Ossuary)
  7 gnolls
  5 adders
  A white imp (D:4)
  2 ufetubi
  A dart slug (D:2)
  22 orcs
  4 ball pythons
  4 endoplasms
  A giant cockroach (D:1)
  10 goblins
  7 hobgoblins
  6 quokkas
  6 bats
  9 frilled lizards
  13 kobolds
  3 rats
318 creatures vanquished.

Vanquished Creatures (collateral kills)
  A catoblepas (Lair:1)
  A death yak (Lair:5)
  6 elephants
  A black mamba (Lair:1)
  2 cane toads
  A gargoyle (D:11)
  2 komodo dragons (Lair:2)
  Maggie (D:6)
  A hornet (D:9)
  2 blink frogs (Lair:2)
  A vampire (D:10)
  3 yaks
  2 wraiths (D:9)
  2 wyverns
  A steam dragon (D:8)
  2 water moccasins
  4 orc warriors (Bailey)
  3 ogres
  A centaur (D:9)
  2 wolves
  A phantom (D:5)
  4 necrophages (Lair:3)
  2 wights (D:5)
  5 killer bees
  A howler monkey (D:4)
  A lava snake (D:9)
  2 centaur zombies (Ossuary)
  A jelly (D:5)
  A hound (D:6)
  A human zombie (Ossuary)
  2 orc priests
  2 gnoll boudas
  3 iguanas
  An orc wizard (D:6)
  2 adders
  6 gnolls
  A dart slug (D:4)
  15 orcs
  An endoplasm (D:3)
  A giant cockroach (D:2)
  2 goblins
  2 hobgoblins
  2 quokkas
  6 frilled lizards
  10 kobolds
  2 rats
  A butterfly (D:5)
117 creatures vanquished.

Vanquished Creatures (others)
  15 battlemagi
  A kobold (D:10)
16 creatures vanquished.

Grand Total: 451 creatures vanquished

Notes
Turn   | Place    | Note
-------+----------+-------------------------------------------
     0 | D:1      | Maratek the Demonspawn Fighter began the quest for the Orb.
     0 | D:1      | Reached XP level 1. HP: 18/18 MP: 1/1
   151 | D:1      | Gained mutation: You are partially covered in icy blue
                  | scales. (AC +2) [demonic ancestry]
   151 | D:1      | Reached XP level 2. HP: 24/24 MP: 2/2
   164 | D:1      | Found a faded altar of an unknown god.
   208 | D:1      | Prayed at the altar of an unknown god.
   208 | D:1      | Became a worshipper of Hepliaklqana the Forgotten
   208 | D:1      | Reached * piety under Hepliaklqana
   963 | D:2      | Found Pewuthom's Weapon Shop.
   969 | D:2      | Gained mutation: Your touch may inflict minor irresistible
                  | damage on your foes. [demonic ancestry]
   969 | D:2      | Reached XP level 3. HP: 26/26 MP: 3/3
   993 | D:2      | Reached ** piety under Hepliaklqana
   994 | D:2      | Remembered your ancestor Yarna as a battlemage
  1542 | D:3      | Gained mutation: You sometimes gain a little power by
                  | taking damage. [demonic ancestry]
  1542 | D:3      | Reached XP level 4. HP: 31/31 MP: 4/4
  1576 | D:3      | Found Jomuriq's General Store.
  1579 | D:3      | Bought a scroll of identify for 28 gold pieces
  1579 | D:3      | Identified a scroll of acquirement
  1582 | D:3      | Acquired 1039 gold pieces
  1625 | D:3      | Found a shimmering blue altar of Sif Muna.
  1872 | D:2      | Bought the +5 mace of Daegg {flame, *Noise Fly Int+4 Dex-3}
                  | for 457 gold pieces
  1955 | D:4      | Noticed an ice beast
  1972 | D:4      | Killed an ice beast
  1973 | D:4      | Gained mutation: Your demonic aura sometimes causes spilled
                  | blood to erupt in flames. [demonic ancestry]
  1973 | D:4      | Reached XP level 5. HP: 15/36 MP: 5/5
  2211 | D:4      | Reached *** piety under Hepliaklqana
  2255 | D:4      | Reached XP level 6. HP: 42/42 MP: 6/6
  2309 | D:4      | Reached skill level 1 in Maces & Flails
  2309 | D:4      | Reached skill level 1 in Dodging
  2814 | D:5      | Entered Level 5 of the Dungeon
  2829 | D:5      | Found a staircase to the Ecumenical Temple.
  2836 | D:5      | Noticed an ice beast
  2841 | D:5      | Reached skill level 2 in Maces & Flails
  2841 | D:5      | Reached XP level 7. HP: 48/48 MP: 7/7
  2849 | D:5      | Reached skill level 1 in Stealth
  2891 | D:5      | Reached skill level 3 in Maces & Flails
  2907 | D:5      | Reached skill level 5 in Armour
  2909 | D:5      | Gained mutation: Your demonic aura often causes spilled
                  | blood to erupt in flames. [demonic ancestry]
  2909 | D:5      | Reached XP level 8. HP: 30/54 MP: 8/8
  3137 | D:5      | Reached skill level 4 in Maces & Flails
  3440 | D:6      | Noticed Eustachio
  3446 | D:6      | Killed Eustachio
  3449 | D:6      | Reached skill level 5 in Maces & Flails
  3491 | D:6      | Found a runed translucent door.
  3492 | D:6      | Noticed Crazy Yiuf
  3556 | D:6      | Noticed Maggie
  3566 | D:6      | Killed Maggie
  3567 | D:6      | Reached skill level 5 in Fighting
  3635 | D:6      | Reached XP level 9. HP: 49/61 MP: 9/9
  3704 | D:6      | Found a transporter.
  3704 | D:6      | Found a transporter.
  3709 | D:6      | Noticed TobyConnect's ghost (novice DsSh)
  3737 | D:6      | Reached skill level 6 in Maces & Flails
  3791 | D:6      | Found Qotam's Antique Armour Emporium.
  3915 | D:6      | Reached **** piety under Hepliaklqana
  3918 | D:6      | Found a sacrificial altar of Ru.
  3928 | D:6      | Found a burning altar of Makhleb.
  3941 | D:6      | Found an ornate altar of the Wu Jian Council.
  3941 | D:6      | Noticed Jeremiah
  4087 | D:7      | Found a sand-covered staircase.
  4212 | D:7      | Noticed Prince Ribbit
  4217 | D:7      | Killed Prince Ribbit
  4218 | D:7      | Reached skill level 7 in Maces & Flails
  4295 | D:7      | Reached skill level 8 in Maces & Flails
  4543 | Ossuary  | Entered an ossuary
  4641 | Ossuary  | Gained mutation: You are mostly covered in icy blue scales.
                  | (AC +3) [demonic ancestry]
  4641 | Ossuary  | Reached XP level 10. HP: 68/68 MP: 10/10
  5130 | D:8      | Found Enyeral's Weapon Shop.
  5132 | D:8      | Found Kuublyeq's Distillery.
  5159 | D:8      | Reached skill level 9 in Maces & Flails
  5194 | D:8      | Found Amnoaro's Weapon Emporium.
  5376 | D:8      | Found Jekuluq's General Store.
  5386 | D:8      | Bought a +4 plate armour of poison resistance for 611 gold
                  | pieces
  5679 | D:9      | Found a radiant altar of Vehumet.
  5684 | D:9      | Found a bloodstained altar of Trog.
  5899 | D:9      | Identified the +0 leather armour of the Cockroach {Rampage
                  | +Blink rPois Will+}
  5982 | D:9      | Reached skill level 10 in Maces & Flails
  6204 | D:9      | Gained mutation: Your touch may inflict irresistible damage
                  | on your foes. [demonic ancestry]
  6204 | D:9      | Reached XP level 11. HP: 75/75 MP: 11/11
  6230 | D:9      | Found Ixawor's Specific Store.
  6234 | D:9      | Found Husiyn's General Store.
  6603 | D:8      | Bought the +2 helmet of Sero {Int+4} for 388 gold pieces
  6662 | D:10     | Entered Level 10 of the Dungeon
  6756 | D:10     | Reached ***** piety under Hepliaklqana
  6781 | D:10     | Found a flagged portal.
  6790 | Bailey   | Entered a bailey
  6857 | Bailey   | Noticed an orc high priest
  6863 | Bailey   | Killed an orc high priest
  6964 | Bailey   | Noticed an orc sorcerer
  6976 | Bailey   | Found an iron altar of Okawaru.
  7007 | Bailey   | Paralysed by an orc sorcerer for 3 turns
  7023 | Bailey   | Killed an orc sorcerer
  7081 | Bailey   | Reached skill level 11 in Maces & Flails
  7081 | Bailey   | Reached skill level 5 in Dodging
  7081 | Bailey   | Gained mutation: Your touch may irresistibly damage your
                  | foes and sap their willpower. [demonic ancestry]
  7081 | Bailey   | Reached XP level 12. HP: 84/84 MP: 12/12
  7273 | D:10     | Found a shimmering altar of Xom.
  7348 | D:10     | Noticed Josephine
  7348 | D:10     | Noticed a two-headed ogre
  7373 | D:10     | Killed Josephine
  7382 | D:10     | Killed a two-headed ogre
  7477 | D:10     | Found a runed translucent gate.
  7478 | D:10     | Found a runed translucent gate.
  7480 | D:10     | Found a runed translucent gate.
  7482 | D:10     | Noticed DocSulfur's ghost (novice AtBe)
  7483 | D:10     | Noticed an 11-headed hydra
  7542 | D:10     | Reached skill level 12 in Maces & Flails
  7544 | D:10     | Found a snail-covered altar of Cheibriados.
  7600 | D:10     | Noticed Nergalle
  7607 | D:10     | Killed Nergalle
  7608 | D:10     | Reached skill level 10 in Armour
  7920 | D:10     | Found a staircase to the Orcish Mines.
  8201 | D:11     | Found Asenuwo's Weapon Shop.
  8206 | D:11     | Noticed Grum
  8213 | D:11     | Killed Grum
  8292 | D:11     | Found a gate leading to a gauntlet.
  8303 | Gauntlet | Entered a Gauntlet
  8303 | Gauntlet | Found a transporter.
  8303 | Gauntlet | Found a runed translucent door.
  8313 | Gauntlet | Found a runed translucent door.
  8315 | Gauntlet | Found a transporter.
  8318 | Gauntlet | Found a transporter.
  8319 | Gauntlet | Found a transporter.
  8323 | Gauntlet | Noticed a tengu warrior
  8325 | Gauntlet | Found a runed translucent gate.
  8325 | Gauntlet | Found a runed translucent gate.
  8325 | Gauntlet | Found a runed translucent gate.
  8327 | Gauntlet | Found a transporter.
  8330 | Gauntlet | Found a transporter.
  8334 | Gauntlet | Found a transporter.
  8345 | Gauntlet | Found a transporter.
  8346 | Gauntlet | Found a transporter.
  8371 | D:11     | Identified the +9 whip "Dashrumm" {freeze, rN+ Dex+3}
  8396 | D:11     | Found a staircase to the Lair.
  8783 | Lair:1   | Entered Level 1 of the Lair of Beasts
  8876 | Lair:1   | Noticed a four-headed hydra
  8883 | Lair:1   | Killed a four-headed hydra
  8917 | Lair:1   | Noticed a catoblepas
  8927 | Lair:1   | Reached skill level 13 in Maces & Flails
  8933 | Lair:1   | Reached XP level 13. HP: 74/90 MP: 13/13
  9219 | Lair:1   | Found a transporter.
  9219 | Lair:1   | Found the +2 hood of the Assassin {Detect Stab+ Stlth++}
  9256 | Lair:1   | Identified the +8 trident of Dim Light {holy, Stlth+}
  9387 | Lair:1   | Found a transporter.
 10040 | Lair:2   | Reached skill level 14 in Maces & Flails
 10456 | Lair:2   | Acquired the ring of Fysch {Ice rElec rPois rN+ Int-4}
 10540 | Lair:3   | Found a hole to the Spider Nest.
 10543 | Lair:3   | Identified the +6 long sword "Ogre's Demise" {freeze, rC+
                  | Will+ Dex+3}
 10594 | Lair:3   | Reached skill level 10 in Fighting
 10601 | Lair:3   | You are sucked into a shaft and drop 1 floor!
 10662 | Lair:4   | Reached ****** piety under Hepliaklqana
 11200 | Lair:5   | Entered Level 5 of the Lair of Beasts
 11252 | Lair:5   | Reached XP level 14. HP: 88/99 MP: 14/14
 11269 | Lair:5   | Reached skill level 15 in Maces & Flails
 11417 | Lair:5   | Slain by a komodo dragon

Illustrated notes

Levels and vault maps discovered:
D:1:      dpeg_arrival_round_a, layout_basic, ebering_ecumenical_altar_box
D:2:      layout_rooms, serial_shops, nicolae_shop_bloodbath_and_beyond,
          minmay_tetromino_o2
D:3:      layout_basic, mainiacjoe_overflow_paths, serial_shops,
          nicolae_shop_real_fake_doors
D:4:      layout_basic, hangedman_feature_mirror,
          hangedman_abyss_or_decor_passed
D:5:      layout_cave_pools, minmay_temple_entry_butterflies,
          hangedman_decor_growths
D:6:      layout_basic, minmay_overflow_temple_star_hex, gammafunk_ghost_hive,
          serial_shops, nicolae_shop_waterfront, uniq_eustachio, uniq_jeremiah,
          uniq_maggie, uniq_crazy_yiuf_cottage
D:7:      layout_gridville, nicolae_ossuary_entry_false_entrances,
          uniq_prince_ribbit1
D:8:      layout_basic, serial_shops, shop, shop, shop, shop,
          serial_corexii_hall, chequers_hall_statues_corner_a,
          corexii_hall_statues_i, st_stairs_8
D:9:      layout_roguey, mainiacjoe_overflow_catch_the_wave,
          nicolae_specific_store, kennysheep_nub, lightli_fourway_metalbox
D:10:     layout_roguey, mainiacjoe_overflow_tiny_flanked, led_xom_imps,
          erik_orc_1, gammafunk_ghost_hydra_chop, enter_bailey_7,
          water_maze_lemuel, uniq_josephine, uniq_nergalle
D:11:     layout_loops_cross, lair_entry_dummy, gauntlet_entry_generic,
          serial_shops, shop, uniq_grum
Lair:1:   gammafunk_cloud_chamber, layout_chaotic_city
Lair:2:   lemuel_reptile_caves, layout_chaotic_city, beast_lair_carwin_5
Lair:3:   layout_layer_cave, nicolae_shoals_entry_roost,
          spider_nest_entry_web_field, roderic_carrion_pond
Lair:4:   layout_misc_corridors
Lair:5:   grunt_lair_end_beastmaster, layout_loops_ring,
          minmay_slime_entry_oklob_open, grunt_megastairs_5

Skill      XL: |  1  2  3  4  5  6  7  8  9 10 11 12 13 14 |
---------------+-------------------------------------------+-----
Axes           | 2 3 4 |  4.8
Armour         | 3 4 5 6 8 9 10 11 | 11.6
Shields        | 3 |  3.2
Maces & Flails | 2 3 5 8 10 11 13 14 15 | 15.2
Dodging        | 1 2 3 5 |  5.3
Fighting       | 4 5 6 7 8 9 10 | 10.7
Stealth        | 1 2 3 4 |  4.6

Action                     |  1- 3 |  4- 6 |  7- 9 | 10-12 | 13-15 || total
---------------------------+-------+-------+-------+-------+-------++-------
  Melee: War axe           |    73 |       |       |       |       ||    73
         Touch             |     4 |     4 |    16 |    66 |    66 ||   156
         Mace              |       |    46 |   137 |   400 |   321 ||   904
         Punch             |       |       |       |     4 |     6 ||    10
 Invoke: Ancestor Life: Ba |     1 |       |       |       |       ||     1
         Ancestor Identity |     1 |       |       |       |       ||     1
         Recall Ancestor   |       |       |       |       |     1 ||     1
    Use: Scroll            |       |     8 |     7 |     6 |     8 ||    29
         Potion            |       |     1 |       |     4 |     1 ||     6
   Stab: Distracted        |       |     1 |       |     4 |     2 ||     7
         Petrified         |       |       |       |       |     4 ||     4
 Armour: Scale mail        |    59 |    27 |    77 |       |       ||   163
         Plate armour      |       |       |    43 |   364 |   342 ||   749
  Dodge: Dodged            |    42 |    25 |    71 |   133 |    83 ||   354
  Block: Buckler           |    13 |       |       |       |       ||    13

Table legend: (Time is in decaauts)
 A = Elapsed time spent in this place.
 B = Non-inter-level travel time spent in this place.
 C = Inter-level travel time spent in this place.
 D = Time resting spent in this place.
 E = Time spent auto-exploring this place.
 F = Levels seen in this place.
 G = Mean time per level.
                   A        B        C        D        E       F      G
               +--------+--------+--------+--------+--------+-----+--------+
         Total |  11305 |  10818 |    487 |    522 |   7551 |  19 |  595.0 |
       Dungeon |   8141 |   7676 |    465 |    322 |   5518 |  11 |  740.1 |
          Lair |   2516 |   2494 |     22 |    199 |   1682 |   5 |  503.2 |
       Ossuary |    170 |    170 |      0 |      0 |     55 |   1 |  170.0 |
        Bailey |    432 |    432 |      0 |      0 |    276 |   1 |  432.0 |
      Gauntlet |     45 |     45 |      0 |      0 |     20 |   1 |   45.0 |
               +--------+--------+--------+--------+--------+-----+--------+

Top non-repeatable levels by time:
    D:10: 1003 daAuts
     D:1: 962 daAuts
     D:9: 910 daAuts
     D:4: 899 daAuts
  Lair:1: 861 daAuts
     D:7: 838 daAuts
  Lair:2: 799 daAuts
     D:6: 697 daAuts
     D:8: 666 daAuts
    D:11: 607 daAuts
  Lair:4: 580 daAuts
     D:5: 557 daAuts
     D:3: 555 daAuts
     D:2: 442 daAuts
  Bailey: 432 daAuts
